Map: Bridgehead LE (Void)

Players

RayReign - Winner!

  • Race: Protoss Protoss
  • League: Diamond

Spellchansky

  • Race: Protoss Protoss
  • League: Master

Event: ASL Season 5 Prime League LOTV Beta

VOD

Have the link to the VOD?

Description

Time

  • Played on: Sept. 19, 2015, 11:34 p.m.
  • Length: 10:17

All games in this series

Show
View Real Time Build Order
Export as new Build Order

RayReign Protoss - Winner!

Build Orders: Phoenix Opening 

Get SALT Encoding   

  12  0:00  Probe (Chrono Boost)  
  13  0:10  Probe (Chrono Boost)  
  14  0:20  Pylon  
  14  0:21  Probe (Chrono Boost)  
  15  0:38  Probe (Chrono Boost)  
  15  0:40  Gateway  
  16  0:48  Probe (Chrono Boost)  
  16  0:49  Assimilator  
  17  0:54  Assimilator  
  17  0:57  Probe (Chrono Boost)  
  18  1:07  Pylon  
  18  1:08  Probe (Chrono Boost)  
  19  1:18  Probe (Chrono Boost)  
  20  1:28  Cybernetics Core  
  20  1:29  Probe (Chrono Boost)  
  21  1:39  Probe (Chrono Boost)  
  22  1:49  Probe (Chrono Boost)  
  23  2:03  Nexus  
  23  2:08  Adept (Chrono Boost)  
  25  2:20  Stargate  
  25  2:26  Mothership Core (Chrono Boost)  
  27  2:32  Warp Gate  
  27  2:40  Adept  
  29  2:44  Probe (Chrono Boost)  
  29  2:47  Pylon  
  30  2:54  Probe (Chrono Boost)  
  31  3:04  Phoenix (Chrono Boost)  
  31  3:05  Probe (Chrono Boost)  
  34  3:15  Stargate  
  34  3:17  Probe  
  34  3:18  Probe  
  34  3:28  Probe (Chrono Boost)  
  34  3:29  Probe (Chrono Boost)  
  36  3:34  Phoenix (Chrono Boost)  
  36  3:39  Probe (Chrono Boost)  
  39  3:44  Probe (Chrono Boost)  
  40  3:48  Probe (Chrono Boost)  
  40  3:51  Assimilator  
  40  3:55  Probe  
  42  3:57  Phoenix (Chrono Boost)  
  42  4:00  Probe  
  45  4:04  Phoenix (Chrono Boost)  
  45  4:09  Probe, Assimilator  
  48  4:19  Probe  
  48  4:20  Pylon  
  48  4:21  Probe  
  50  4:30  Phoenix (Chrono Boost)  
  50  4:32  Probe  
  50  4:33  Probe  
  54  4:40  Forge  
  54  4:44  Probe  
  55  4:46  Probe  
  55  4:48  Pylon  
  56  4:53  Phoenix (Chrono Boost)  
  56  4:56  Probe  
  56  4:57  Phoenix (Chrono Boost)  
  56  4:58  Probe  
  60  5:13  Void Ray (Chrono Boost)  
  64  5:21  Probe  
  64  5:25  Robotics Facility  
  65  5:34  Void Ray (Chrono Boost)  
  65  5:42  Pylon  
  69  5:44  Pylon  
  69  5:45  Probe  
  70  5:52  Photon Cannon x2  
  70  5:59  Void Ray (Chrono Boost)  
  70  6:00  Probe  
  73  6:15  Immortal  
  73  6:17  Void Ray (Chrono Boost)  
  77  6:22  Probe x2  
  83  6:31  Gateway  
  83  6:35  Gateway  
  83  6:37  Gateway  
  83  6:39  Gateway  
  83  6:53  Pylon  
  83  6:55  Pylon  
  83  7:01  Pylon  
  83  7:09  Void Ray (Chrono Boost)  
  83  7:11  Immortal, Void Ray (Chrono Boost)  
  95  7:16  Pylon x2  
  95  7:22  Twilight Council  
  95  7:30  Sentry  
  95  7:31  Sentry  
  95  7:32  Adept  
  95  7:33  Adept  
  103  7:40  Adept, Pylon  
  105  7:44  Pylon  
  105  7:51  Pylon  
  105  7:53  Void Ray (Chrono Boost)  
  113  8:00  Void Ray (Chrono Boost)  
  117  8:06  Warp Prism (Chrono Boost)  
  117  8:11  Protoss Ground Weapons Level 1  
  115  8:18  Gateway  
  115  8:20  Gateway  
  115  8:23  Adept x2  
  119  8:47  Adept x5  
  125  8:53  Shield Upgrade  
  119  9:13  Void Ray  
  119  9:14  Adept x5  
  115  9:24  Void Ray  
  115  9:26  Observer (Chrono Boost)  
  120  9:32  Pylon  
  120  9:43  Adept x4  
  120  9:44  Adept, Observer (Chrono Boost)  
  131  10:04  Adept x2  
  131  10:05  Adept  
Show
View Real Time Build Order
Export as new Build Order

Spellchansky Protoss 

Build Orders: Nexus First, Phoenix Opening 

Get SALT Encoding   

  12  0:00  Probe (Chrono Boost)  
  13  0:10  Probe (Chrono Boost)  
  14  0:20  Probe (Chrono Boost)  
  15  0:23  Pylon  
  15  0:41  Probe (Chrono Boost)  
  16  0:54  Nexus  
  16  1:05  Gateway  
  16  1:07  Probe (Chrono Boost)  
  17  1:14  Assimilator  
  17  1:17  Probe (Chrono Boost)  
  18  1:23  Assimilator  
  18  1:27  Probe (Chrono Boost)  
  18  1:31  Pylon  
  19  1:37  Probe (Chrono Boost)  
  20  1:47  Probe (Chrono Boost)  
  21  1:55  Cybernetics Core  
  21  1:57  Probe (Chrono Boost)  
  22  2:06  Probe (Chrono Boost)  
  22  2:08  Probe (Chrono Boost)  
  24  2:16  Probe (Chrono Boost)  
  24  2:19  Probe (Chrono Boost)  
  26  2:26  Probe (Chrono Boost)  
  26  2:29  Probe (Chrono Boost)  
  27  2:31  Adept, Warp Gate  
  27  2:36  Mothership Core (Chrono Boost)  
  32  2:44  Stargate  
  32  2:46  Probe (Chrono Boost)  
  33  2:54  Probe (Chrono Boost)  
  33  2:56  Probe (Chrono Boost)  
  35  3:03  Pylon  
  35  3:04  Probe (Chrono Boost)  
  36  3:06  Probe (Chrono Boost)  
  37  3:13  Probe (Chrono Boost)  
  37  3:16  Probe (Chrono Boost)  
  38  3:24  Probe x2 (Chrono Boost)  
  38  3:26  Phoenix (Chrono Boost)  
  39  3:34  Probe  
  41  3:35  Probe  
  43  3:41  Assimilator  
  43  3:43  Probe  
  43  3:45  Assimilator  
  43  3:47  Probe  
  45  3:49  Twilight Council  
  45  3:53  Probe  
  47  3:57  Forge  
  47  3:59  Probe  
  47  4:02  Pylon  
  49  4:03  Probe  
  49  4:05  Blink (Chrono Boost)  
  50  4:11  Probe  
  50  4:15  Probe  
  49  4:23  Gateway, Protoss Ground Weapons Level 1 (Chrono Boost)  
  50  4:25  Gateway x2  
  50  4:32  Gateway  
  50  4:38  Photon Cannon  
  50  4:42  Photon Cannon  
  50  4:46  Photon Cannon  
  47  4:57  Stalker  
  47  4:59  Probe, Photon Cannon  
  47  5:05  Mothership Core  
  46  5:12  Probe  
  47  5:21  Pylon  
  47  5:24  Probe  
  47  5:26  Probe  
  47  5:30  Stalker x2  
  50  5:36  Probe  
  50  5:38  Probe  
  50  5:39  Stalker x2  
  50  5:40  Stalker  
  58  5:48  Probe  
  59  5:50  Probe  
  59  5:53  Stalker  
  59  5:54  Stalker  
  64  5:57  Pylon  
  64  6:00  Probe, Protoss Ground Weapons Level 2 (Chrono Boost)  
  64  6:02  Probe  
  64  6:12  Probe  
  64  6:14  Probe  
  64  6:15  Stalker  
  64  6:16  Stalker  
  70  6:28  Stalker x3  
  76  6:38  Templar Archives  
  76  6:41  Pylon  
  76  6:48  Pylon  
  76  6:54  Stalker  
  76  6:58  Pylon  
  78  7:15  Gateway  
  78  7:18  Gateway  
  78  7:19  High Templar x4  
  78  7:20  Stalker  
  88  7:36  Pylon  
  88  7:37  Shield Upgrade  
  88  7:41  Gateway  
  88  7:54  Stalker x4  
  88  7:55  Stalker  
  98  8:02  Pylon  
  98  8:13  Nexus  
  98  8:19  Adept  
  100  8:20  Adept x4  
  108  8:39  Stalker x2  
  112  8:46  Adept x4  
  110  9:00  Stalker  
  104  9:07  Adept x3  
  110  9:11  Archon  
  110  9:16  Stalker  
  110  9:17  Stalker x2, Probe  
  94  9:20  Probe  
  78  9:29  Stalker x3  
  79  9:38  Stalker  
  80  9:41  Stalker x2  
  84  9:47  High Templar  
  85  9:53  High Templar  
  85  9:54  High Templar  
  85  9:56  Zealot  
  85  9:57  Archon  
Tags
 
Add a new tag
Caveats
  • Supply blocks, unpowered buildings, or Contaminate may cause inaccurate times.
  • Supply counts are checked every 10 seconds.